 Dungeon Crawl Stone Soup version 0.31.0-12-g77e489cdc1 (webtiles) character file.

Game seed: 9304021594950621316

16 Killerpretzel the Changeling (level 2, -5/18 HPs)
             Began as an Octopode Shapeshifter on Feb 11, 2024.
             Slain by Terence
             ... wielding a +0 mace
              (6 damage)
             ... on level 2 of the Dungeon.
             The game lasted 00:01:13 (842 turns).

Killerpretzel the Changeling (Octopode Shapeshifter) Turns: 842, Time: 00:01:13

Health: -5/18      AC:  1    Str: 13    XL:     2   Next: 54%
Magic:  2/2        EV: 13    Int: 12    God:
Gold:   73         SH:  0    Dex: 11    Spells: 1/1 levels left

rFire   . .          .
                       - Unarmed
rCold   . . .        (no shield)
rNeg    . . .        (helmet currently unavailable)
rPois   .            d - amulet of the acrobat
rElec   .            (no ring)
rCorr   .            (no ring)
SInv    .            (no ring)
Will    .....        (no ring)
Stlth   ++           (no ring)
HPRegen 0.23/turn    (no ring)
MPRegen 0.08/turn    (no ring)
                     (no ring)

%: acrobat
@: beast-form
A: beast (slay +1), almost no armour, amphibious, 8 rings, camouflage 1,
gelatinous body 1, (nimble swimmer 1), tentacles
a: Begin Untransformation


You were on level 2 of the Dungeon.
You were a hulking beast.
You visited 1 branch of the dungeon, and saw 2 of its levels.

You collected 73 gold pieces.

Inventory:

Missiles
 i - 3 boomerangs (quivered)
Jewellery
 d - an amulet of the acrobat (around mantle)
Talismans
 b - a beast talisman
 c - a flux talisman
Scrolls
 e - a scroll of teleportation
Potions
 a - 2 potions of lignification
 h - 2 potions of mutation {unknown}


   Skills:
 + Level 1.3 Fighting
 + Level 2.2 Dodging
 + Level 3.1 Unarmed Combat
 * Level 3.2 Shapeshifting


You had one spell level left.
You didn't know any spells.
Your spell library contained the following spells:

 Spells                   Type           Power      Damage    Failure   Level
 Inner Flame              Hex/Fire       0%         N/A       69%         3
 Irradiate                Conj/Alch      0%         3d11      100%        5
 Ignition                 Fire           0%         3d3       100%        8


Dungeon Overview and Level Annotations

Branches:
Dungeon (2/15)

Altars:

Annotations:
D:2 Terence


Innate Abilities, Weirdness & Mutations

You are a hulking beast.
Your limbs bulge with bestial killing power. (Slay +1)
You cannot wear most types of armour.
You are amphibious.
You can wear up to eight rings at the same time.
Your skin changes colour to match your surroundings (Stealth+).
Your rubbery body absorbs attacks. (AC +1, EV +1)
((You are camouflaged when in or above water. (Stealth+)))
You have tentacles for arms and can constrict up to eight enemies at once.


Message History

No target in view!
A goblin comes into view. It is wielding a +0 club.
Terence the Incautious comes into view.
He is wielding a +0 mace.
Marking area around Terence as unsafe for travelling.
No reachable target in view!
No reachable target in view!
No reachable target in view!
No reachable target in view!
There are monsters nearby!
There are no items here.
There are no items here.
The goblin shouts!
You hear a shout!
The goblin misses you.
You barely miss the goblin. You grab the goblin.
You squeeze the goblin, but do no damage.
You constrict the goblin. The goblin barely misses you.
You tentacle-slap the goblin.
You kill the goblin!
Terence bares his teeth.
There are no items here.
Terence screams, "I want your blood!"
You closely miss Terence. Your grab misses Terence.
Terence hits you with a +0 mace!
Ouch! That really hurt!
You tentacle-slap Terence. You grab Terence.
Terence is moderately wounded.
You constrict Terence, but do no damage.
Terence completely misses you.
You tentacle-slap Terence but do no damage.
Terence is moderately wounded.
You constrict Terence. Terence says, "Did you write a will?
You should..."
Terence hits you with a +0 mace!
Ouch! That really hurt!
* * * LOW HITPOINT WARNING * * *
You tentacle-slap Terence.
Terence is heavily wounded.
You constrict Terence. Terence hits you with a +0 mace.
You die...
Terence says, "Rest in peace."

#### .... ... ...
## ###########.#
..##
#.....#.....##....
.............#...##
........@h....##...
......[............
@............$.###
..............##
..............#
.............##
#....^#.....##
########...## #...#


You could see Terence.

Vanquished Creatures
  2 dart slugs (D:1)
  2 bats
  An endoplasm (D:2)
  A goblin (D:2)
  2 hobgoblins (D:1)
  A kobold (D:2)
  A ball python (D:2)
  A rat (D:1)
11 creatures vanquished.

Notes
Turn   | Place    | Note
-------+----------+-------------------------------------------
     0 | D:1      | Killerpretzel the Octopode Shapeshifter began the quest for
                  | the Orb.
     0 | D:1      | Reached XP level 1. HP: 13/13 MP: 1/1
   410 | D:1      | Reached XP level 2. HP: 18/18 MP: 2/2
   827 | D:2      | Noticed Terence
   842 | D:2      | Slain by Terence

Illustrated notes

Levels and vault maps discovered:
D:1:      dpeg_arrival_pits, layout_loops_ring, minmay_misc_feat_hallway,
          corner_web_ring, minivault_19, wad_floor_pattern_1
D:2:      layout_rooms, uniq_terence, uniq_natasha

Action                     || total
---------------------------++-------
  Melee: Unarmed           ||    23
         Constrict         ||     7
         Tentacles         ||     3
    Use: Scroll            ||     3
 Armour: Skin              ||     7
  Dodge: Dodged            ||    15
